 Dungeon Crawl Stone Soup version 0.29-a0-837-g174bc33265 (webtiles) character file.

Game seed: 9644564331381928883

992 PentaManta the Nimble (level 8, -1/58 HPs)
             Began as a Merfolk Berserker on July 13, 2022.
             Was an Elder of Trog.
             Slain by Duvessa
             ... wielding a +0 short sword
              (10 damage)
             ... on level 5 of the Dungeon.
             The game lasted 00:08:46 (4530 turns).

PentaManta the Nimble (Merfolk Berserker)           Turns: 4530, Time: 00:08:49

Health: -1/58      AC:  7    Str: 21 (23) XL:     8   Next: 18%
Magic:  0/8        EV: 15    Int:  6 (7)  God:    Trog [****..]
Gold:   252        SH:  0    Dex: 14 (15) Spells: 7/7 levels left

rFire   . . .      SeeInvis .   D - +3 falchion
rCold   . . .      Faith    .   (no shield)
rNeg    . . .      Spirit   +   d - +0 ring mail
rPois   .          Reflect  .   A - +0 hat
rElec   .          Harm     .   y - +0 cloak
rCorr   .          Rampage  .   m - +0 pair of gloves
Will    ++...                   (no boots)
Stlth   +.........              E - amulet of guardian spirit
HPRegen 1.19/turn               x - +6 ring of strength
MPRegen 0.11/turn               (no ring)

@: brilliant, strong-willed, on berserk cooldown, flying, regenerating, slowed,
very slow
A: (nimble swimmer 2), mertail
a: Renounce Religion, Berserk, Trog's Hand, Brothers in Arms


You were on level 5 of the Dungeon.
You worshipped Trog.
Trog was greatly pleased with you.
You visited 1 branch of the dungeon, and saw 5 of its levels.

You collected 252 gold pieces.

Inventory:

Hand Weapons
 a - a +0 falchion
 l - a +1 dagger of speed
 p - a +0 short sword
 D - a +3 falchion (weapon)
Missiles
 g - 15 poisoned darts (quivered)
 w - 4 atropa-tipped darts
Armour
 d - a +0 ring mail (worn)
 m - a +0 pair of gloves (worn)
 q - a +0 leather armour
 r - a +0 buckler
 y - a +0 cloak (worn)
 A - a +0 hat (worn)
Jewellery
 x - a +6 ring of strength (left hand)
 C - the amulet of Utikum {RegenMP rPois}
   (You found it on level 4 of the Dungeon)

   [amulet of magic regeneration]

   It increases your rate of magic regeneration.
   rPois:     It protects you from poison.
 E - an amulet of guardian spirit (around neck)
Scrolls
 b - a scroll of fear {unknown}
 c - 5 scrolls of amnesia {unknown}
 f - 3 scrolls of identify {unknown}
 i - 7 scrolls of teleportation {unknown}
 o - a scroll of silence {unknown}
 s - 2 scrolls of poison {unknown}
 u - 2 scrolls of immolation {unknown}
 v - 2 scrolls of noise {unknown}
 B - a scroll of enchant weapon {unknown}
Potions
 e - 2 potions of degeneration
 k - 2 potions of mutation {unknown}
 n - 2 potions of curing {unknown}
 t - a potion of heal wounds {unknown}
 z - a potion of flight


   Skills:
 - Level 3.2 Fighting
 + Level 8.6 Long Blades
 - Level 1.3 Armour
 + Level 8.9 Dodging


You had 7 spell levels left.
You didn't know any spells.
Your spell library was empty.

Dungeon Overview and Level Annotations

Branches:
Dungeon (5/15)
 Temple: D:4-7

Altars:
Ashenzari
Cheibriados
Elyvilon
Kikubaaqudgha
Vehumet
Xom
Yredelemnul
Zin

Shops:
D:4 [

Annotations:
D:5 Dowan, Duvessa


Innate Abilities, Weirdness & Mutations

((You are very nimble when in or above water. (Stealth+, EV+, Speed+++)))
Your lower body shifts to a powerful aquatic tail in water.


Message History

You feel weakened.
You feel dopey.
You feel clumsy. Duvessa closely misses you. x2
It was a potion of flight.
You feel very buoyant.
You fly up into the air.
Duvessa hits you with a +0 short sword.
* * * LOW HITPOINT WARNING * * *
Dowan casts a spell.
Dowan blinks!
Duvessa hits you with a +0 short sword.
* * * LOW HITPOINT WARNING * * *
Duvessa attacks as you move away! Duvessa hits you with a +0 short sword.
* * * LOW HITPOINT WARNING * * *
Dowan completely misses you. Duvessa hits you with a +0 short sword.
* * * LOW HITPOINT WARNING * * *
Dowan smirks and points a slender finger.
Dowan misses you. Duvessa barely misses you. Dowan casts a spell at you.
The puff of frost misses you. Duvessa barely misses you.
Duvessa closely misses you.
Your skin crawls.
You feel strong-willed. Duvessa barely misses you. x2
Duvessa is no longer moving quickly.
Duvessa roars, "You can run, but you cannot escape us forever!"
Duvessa hits you with a +0 short sword.
* * * LOW HITPOINT WARNING * * *
Duvessa completely misses you.
Dowan casts a spell.
Dowan blinks!
Duvessa hits you with a +0 short sword!
* * * LOW HITPOINT WARNING * * *
It was a potion of brilliance.
You feel clever all of a sudden. Duvessa barely misses you.
It was a potion of berserk rage.
You're still recovering from your berserk rage.
Dowan casts a spell at Duvessa.
Duvessa seems to speed up.
Duvessa misses you.
Dowan's feet meld with the ground, briefly.
Duvessa hits you with a +0 short sword!
You die...

# #. #.# ########.#
........ #..##.........
........ #....########
....... #..e#### #.....
#.#...e############.....
####.####.@.........##.....
.........##########........
......>....# ####........
.........#.#####...........
##########....##...........
####.<............
###............
#..............
#.#.....)......


You could see Duvessa (fast) and Dowan.

Vanquished Creatures
  Grinder (D:3)
  Sigmund (D:2)
  Edmund (D:4)
  An ogre (D:5)
  A bullfrog (D:4)
  A hound (D:4)
  An orc priest (D:5)
  An iguana (D:4)
  Natasha (D:3)
  3 orc wizards
  7 adders
  2 worms
  4 dart slugs
  10 orcs
  14 endoplasms
  4 giant cockroaches
  5 goblins
  14 hobgoblins
  9 jackals
  7 quokkas
  7 ball pythons
  8 bats
  4 frilled lizards
  3 kobolds
  8 rats
118 creatures vanquished.

Vanquished Creatures (others)
  24 plants (D:3)
24 creatures vanquished.

Grand Total: 142 creatures vanquished

Notes
Turn   | Place    | Note
-------+----------+-------------------------------------------
     0 | D:1      | PentaManta the Merfolk Berserker began the quest for the
                  | Orb.
     0 | D:1      | Reached XP level 1. HP: 18/18 MP: 1/1
   356 | D:1      | Reached XP level 2. HP: 20/24 MP: 2/2
   753 | D:1      | Reached XP level 3. HP: 29/29 MP: 3/3
  1187 | D:2      | Reached ** piety under Trog
  1524 | D:2      | Noticed Sigmund
  1537 | D:2      | Killed Sigmund
  1538 | D:2      | Reached skill level 5 in Dodging
  1538 | D:2      | Reached XP level 4. HP: 27/35 MP: 4/4
  1538 | D:2      | Reached XP level 5. HP: 32/41 MP: 5/5
  1763 | D:2      | Reached XP level 6. HP: 47/47 MP: 6/6
  2184 | D:3      | Found an ancient bone altar of Kikubaaqudgha.
  2198 | D:3      | Found a glowing silver altar of Zin.
  2453 | D:3      | Reached *** piety under Trog
  2518 | D:3      | Noticed Grinder
  2533 | D:3      | Killed Grinder
  2534 | D:3      | Reached XP level 7. HP: 52/52 MP: 7/7
  2654 | D:3      | Found a white marble altar of Elyvilon.
  2663 | D:3      | Found a broken altar of Ashenzari.
  2663 | D:3      | Found a radiant altar of Vehumet.
  2663 | D:3      | Found a shimmering altar of Xom.
  2665 | D:3      | Found a basalt altar of Yredelemnul.
  2668 | D:3      | Found a snail-covered altar of Cheibriados.
  2972 | D:3      | Noticed Natasha
  2991 | D:3      | Killed Natasha
  3453 | D:4      | Reached **** piety under Trog
  3645 | D:4      | Noticed Edmund
  3676 | D:4      | Killed Edmund
  3858 | D:4      | Identified the amulet of Utikum {RegenMP rPois}
  4090 | D:4      | Reached XP level 8. HP: 55/58 MP: 8/8
  4234 | D:4      | Found Usufuaf's Antique Armour Shop.
  4345 | D:5      | Entered Level 5 of the Dungeon
  4498 | D:5      | Noticed Duvessa
  4498 | D:5      | Noticed Dowan
  4530 | D:5      | Slain by Duvessa

Illustrated notes

Levels and vault maps discovered:
D:1:      psy_arrival_statuary, layout_loops_ring, serial_park_tiny_2
D:2:      minmay_razor_zed, layout_basic, uniq_sigmund
D:3:      minmay_bubble_buster, layout_loops_cross,
          mainiacjoe_overflow_small_starburst, minitemple,
          mainiacjoe_overflow_alcove_1, kennysheep_boxes, uniq_grinder,
          uniq_natasha
D:4:      layout_loops_ring, minmay_temple_entry_from_below_a, serial_shops,
          nicolae_lakefront_shop, uniq_edmund
D:5:      layout_rooms, uniq_duvessa

Skill      XL: |  1  2  3  4  5  6  7 |
---------------+----------------------+-----
Dodging        | 3 5 7 8 |  8.9
Long Blades    | 4 6 7 8 |  8.6
Fighting       | |  3.2
Armour         | |  1.3

Action                   |  1- 3 |  4- 6 |  7- 9 || total
-------------------------+-------+-------+-------++-------
Melee: Falchion          |   122 |   110 |   200 ||   432
       Punch             |     3 |     4 |     6 ||    13
Invok: Berserk           |     1 |     2 |     3 ||     6
       Trog's Hand       |       |       |     1 ||     1
  Use: Potion            |       |       |     4 ||     4
Armor: Ring mail         |    55 |    46 |    28 ||   129
Dodge: Dodged            |    65 |    88 |   150 ||   303

Table legend: (Time is in decaauts)
 A = Elapsed time spent in this place.
 B = Non-inter-level travel time spent in this place.
 C = Inter-level travel time spent in this place.
 D = Time resting spent in this place.
 E = Time spent auto-exploring this place.
 F = Levels seen in this place.
 G = Mean time per level.
                   A        B        C        D        E       F      G
               +--------+--------+--------+--------+--------+-----+--------+
         Total |   4569 |   4400 |    169 |    229 |   3217 |   5 |  913.8 |
       Dungeon |   4569 |   4400 |    169 |    229 |   3217 |   5 |  913.8 |
               +--------+--------+--------+--------+--------+-----+--------+

Top non-repeatable levels by time:
     D:4: 1294 daAuts
     D:3: 1119 daAuts
     D:1: 1106 daAuts
     D:2: 950 daAuts
     D:5: 98 daAuts
